Description

This is build order used by Beastyqt in one of his guide videos. I made it from replay because Beasty didn't provide build order. Tell me if I missed something!

Good luck and to the SALT mines!

VOD

https://youtu.be/jSs2Oy6P5Ao

Replay - TvZ - Mech - BC

Build Order

Get SALT Encoding   

  12  0:01  SCV  
  13  0:13  SCV  
  14  0:16  Supply Depot  
  14  0:25  SCV  
  15  0:38  SCV  
  15  0:39  Barracks  
  16  0:44  Refinery  
  16  0:50  SCV  
  17  1:02  SCV  
  18  1:14  SCV  
  19  1:28  Orbital Command, Reaper  
  20  1:42  Command Center  
  20  1:50  Supply Depot  
  20  1:53  SCV  
  21  2:00  Marine  
  22  2:05  SCV  
  23  2:13  Factory  
  23  2:17  Refinery  
  23  2:18  SCV  
  23  2:22  Barracks Reactor  
  24  2:30  SCV  
  25  2:37  Engineering Bay  
  25  2:42  SCV  
  26  3:02  SCV  
  26  3:05  Orbital Command, Starport  
  27  3:12  Hellion x2  
  31  3:14  Barracks Tech Lab, SCV  
  32  3:26  SCV  
  33  3:32  SCV  
  33  3:34  Hellion x2  
  38  3:39  SCV  
  38  3:44  SCV  
  38  3:45  Supply Depot  
  38  3:47  Viking  
  41  3:48  Fusion Core  
  41  3:51  SCV  
  41  3:55  Hellion x2  
  46  4:06  SCV x2  
  46  4:07  Supply Depot x2  
  48  4:18  SCV x2  
  48  4:19  Hellion x2  
  53  4:30  SCV x2  
  55  4:31  Supply Depot  
  55  4:39  Battlecruiser  
  55  4:42  SCV x2  
  62  4:52  Command Center  
  63  5:00  Hellion, Armory  
  63  5:01  SCV x2  
  63  5:02  Supply Depot  
  69  5:07  Hellion  
  69  5:09  Refinery x2  
  69  5:14  SCV x2  
  69  5:19  Supply Depot  
  71  5:24  Hellion x2  
  71  5:27  SCV x2  
  75  5:36  Supply Depot  
  75  5:39  SCV  
  76  5:47  Battlecruiser  
  76  5:48  Hellion x2, SCV x2  
  88  6:00  SCV x2  
  88  6:02  Supply Depot  
  88  6:09  SCV  
  88  6:10  Hellion x2  
  85  6:17  Factory x2  
  83  6:20  SCV  
  83  6:21  Armory  
  78  6:28  SCV x2  
  78  6:29  Orbital Command  
  78  6:34  Hellion x2  
  78  6:36  Terran Vehicle Weapons Level 1  
  82  6:43  Factory x2  
  82  6:45  SCV  
  83  6:48  Refinery x2, Barracks Reactor  
  83  6:50  SCV  
  84  6:55  Orbital Command  
  84  6:57  SCV  
  86  7:02  SCV  
  86  7:10  Starport Reactor, SCV x2  
  86  7:13  Hellion  
  86  7:14  Factory Tech Lab  
  90  7:18  Terran Vehicle And Ship Armor Level 1  
  90  7:20  Hellion  
  90  7:21  SCV x2  
  93  7:27  SCV  
  93  7:29  Supply Depot  
  95  7:33  Factory Reactor, SCV x2  
  95  7:35  Factory Tech Lab  
  97  7:38  Siege Tank x2  
  97  7:39  SCV  
  97  7:42  Command Center  
  104  7:45  Liberator x2, SCV  
  104  7:50  Engineering Bay  
  105  7:52  Supply Depot, Hellion x2, Infernal Pre-Igniter  
  115  8:06  Siege Tank, SCV  
  115  8:11  Hellion  
  113  8:16  SCV  
  113  8:18  Supply Depot  
  108  8:21  Hellion x4  
  108  8:26  Thor  
  120  8:32  Thor  
  126  8:39  Thor  
  132  8:42  Hellion x2  
  132  8:43  Supply Depot  
  136  8:49  Missile Turret x2  
  136  8:54  Missile Turret x2  
  130  9:03  Missile Turret  
  130  9:06  Supply Depot, Hellion x3  
  130  9:08  Missile Turret  
  130  9:09  Siege Tank  
  139  9:10  Terran Vehicle Weapons Level 2  
  139  9:13  Terran Vehicle And Ship Armor Level 2  
  139  9:18  Refinery x2, SCV x2  
  139  9:21  Missile Turret  
  141  9:26  Siege Tank, Hellion x2  
  148  9:34  Sensor Tower  
  146  9:44  Planetary Fortress  
  142  9:45  SCV  
  142  9:56  Cyclone x3  
  142  9:57  Hellion x2  
  155  10:04  Mag-Field Accelerator  
  155  10:05  SCV x3  
  156  10:11  Hellion  
  160  10:18  Hellion  
  158  10:23  SCV  
  162  10:28  Siege Tank x2, Cyclone  
  162  10:31  Hellion x2  
  170  10:39  Hellion  
  166  10:46  Hellion  
  162  10:52  Hellion  
  164  10:57  Hellion x2  
  164  11:00  Siege Tank x3  
  175  11:07  Hellion  
  175  11:09  Command Center  
  175  11:21  Hellion x3  
  155  11:29  Hellion  
Spawning Tool Build Advisor. Get it on Overwolf

Analysis

I hope this build order helps. Beasty attacked earlier because he was certain in his victory _(he inflicted huge amounts of damage with first 2 BCs and hellions)_.

For more detailed analysis and further info, I highly encourage you to watch his video https://youtu.be/jSs2Oy6P5Ao.

Go to:

Details

  • Created by: Dark_Prelate
  • Published on: Nov 18, 2020
  • Modified on: Jan 25, 2021
  • Patch: 4.11.0
  • Difficulty: Hard
Show
View Real Time Build Order
Export as new Build Order

Comments (0)

There are no comments. Be the first!

Create an account to comment!